 Dungeon Sprint DCSS version 0.31-a0-675-g238779eb0a (webtiles) character file.

Game seed: 3720275954529936302

443 dialectric the Unseen (level 6, -4/33 HPs)
             Began as a Spriggan Brigand on Sept 5, 2023.
             Was an Initiate of Dithmenos.
             Slain by a slime creature (17 damage)
             ... in the Dungeon (Sprint I: "Red Sonja").
             The game lasted 00:01:03 (145 turns).

dialectric the Unseen (Spriggan Brigand)             Turns: 145, Time: 00:01:03

Health: -4/33      AC:  3    Str:  7    XL:     6   Next: 71%
Magic:  7/7        EV: 18    Int: 12    God:    Dithmenos [......]
Gold:   297        SH:  0    Dex: 19    Spells: 5/5 levels left

rFire   . . .        a - +2 dagger
rCold   . . .        (no shield)
rNeg    . . .        b - +0 robe
rPois   .            (helmet restricted)
rElec   .            c - +0 cloak
rCorr   .            (gloves unavailable)
SInv    +            (boots unavailable)
Will    +....        (no amulet)
Stlth   +++++++      (no ring)
HPRegen 0.25/turn    (no ring)
MPRegen 0.10/turn

%: no teleportation
@: very quick
A: very small, no large weapons, unfitting armour, see invisible, speed 3
a: Renounce Religion


You were in the Dungeon.
You worshipped Dithmenos.
Dithmenos was noncommittal.
You visited 1 branch You collected 297 gold pieces.

Inventory:

Hand Weapons
 a - a +2 dagger (weapon)
Missiles
 d - 9 poisoned darts
 e - 3 curare-tipped darts (quivered)
Armour
 b - a +0 robe (worn)
 c - a +0 cloak (worn)
Wands
 l - a wand of mindburst (20)
 m - a wand of acid (7)
Scrolls
 k - a scroll of blinking
 n - 3 scrolls of revelation {unknown}
Potions
 f - a potion of curing
 g - a potion of heal wounds
 h - a potion of haste
 i - 2 potions of magic
 j - a potion of berserk rage
 o - a potion of attraction {unknown}


   Skills:
 + Level 4.0 Fighting
 + Level 5.1 Short Blades
 - Level 2.5 Throwing
 + Level 3.1 Dodging
 + Level 19.4 Stealth
 + Level 2.2 Evocations


You had 5 spell levels left.
You didn't know any spells.
Your spell library was empty.

Dungeon Overview and Level Annotations

Branches:
Dungeon (1/1)

Altars:
Cheibriados
Dithmenos
Elyvilon
Fedhas
Gozag
Hepliaklqana
Kikubaaqudgha
Makhleb
Nemelex Xobeh
Okawaru
Qazlal
Ru
Sif Muna
Trog
Uskayaw
Vehumet
Wu Jian
Xom
Yredelemnul
Zin
The Shining One
Jiyva
Lugonu

Shops:
D *


Innate Abilities, Weirdness & Mutations

You are very small and have problems with some larger weapons.
You are too small for most types of armour.
You have supernaturally acute eyesight. (SInv)
You cover ground extremely quickly. (Speed+++)


Message History

You see here a yak corpse.
There is a sacrificial altar of Ru here.
There is a shadowy altar of Dithmenos here.
You kneel at the altar of Dithmenos.
Dithmenos welcomes you!
There is a hide-covered altar of Uskayaw here.
You see here a yak corpse.
There is an open door here.
There is an ornate altar of the Wu Jian Council here.
There is an open door here.
You open the door.
A slime creature comes into view.
Found a burning altar of Makhleb and a shimmering altar of Xom.
Found a viscous altar of Jiyva and a corrupted altar of Lugonu.
The slime creature quivers.
There is an open door here.
You hit the slime creature.
The slime creature is lightly wounded.
The slime creature hits you!!
Ouch! That really hurt!
You hit the slime creature.
The slime creature is lightly wounded.
Unknown command.
There is an open door here.
Aiming: Corrosive Bolt
Press: ? - help, Shift-Dir - straight line, f - slime creature
Aim: a slime creature (lightly wounded, 94% to hit)
The bolt of acid hits the slime creature!!
The acid corrodes the slime creature!
The slime creature is moderately wounded.
Unknown command.
Aiming: Corrosive Bolt
Press: ? - help, Shift-Dir - straight line, f/p - slime creature
Aim: a slime creature (moderately wounded, covered in acid, 94% to hit)
The bolt of acid hits the slime creature!
The slime creature seems to be corroded for longer.
The slime creature is heavily wounded.
The slime creature hits you!
Ouch! That really hurt!
You die...

###################
#<.#.)').#..@J.#__#
#..'..#..)..#..'..+
#..#####'#####'#__#
#..####..#...#.####
#..#__####..##.#
#..#_____##'#_.+
#⌠⌠#_.∩..†'..._#
####_..__##_.#'#
#_____###+#.#


You could see a slime creature (corroded).

Vanquished Creatures
  Sigmund (D)
  A yak (D)
  An ogre (D)
  A jelly (D)
  Ijyb (D)
5 creatures vanquished.

Notes
Turn   | Place    | Note
-------+----------+-------------------------------------------
     0 | D        | dialectric the Spriggan Brigand began the quest for the
                  | Orb.
     0 | D        | Reached XP level 1. HP: 10/10 MP: 2/2
     2 | D        | Noticed Ijyb
     4 | D        | Killed Ijyb
     5 | D        | Reached skill level 9 in Stealth
     5 | D        | Reached XP level 2. HP: 15/15 MP: 3/3
     7 | D        | Noticed an ogre
    16 | D        | Killed an ogre
    17 | D        | Reached skill level 13 in Stealth
    17 | D        | Reached XP level 3. HP: 19/19 MP: 4/4
    17 | D        | Reached XP level 4. HP: 23/23 MP: 5/5
    24 | D        | Noticed Sigmund
    46 | D        | Killed Sigmund
    47 | D        | Reached skill level 17 in Stealth
    47 | D        | Reached skill level 1 in Evocations
    47 | D        | Reached XP level 5. HP: 12/28 MP: 6/6
    77 | D        | Found a shimmering blue altar of Sif Muna.
    78 | D        | Found an ornate altar of the Wu Jian Council.
    79 | D        | Found a radiant altar of Vehumet.
    84 | D        | Reached XP level 6. HP: 21/32 MP: 7/7
   113 | D        | Found Vaits's General Store.
   113 | D        | Found an ancient bone altar of Kikubaaqudgha.
   113 | D        | Found a hazy altar of Hepliaklqana.
   113 | D        | Found a hide-covered altar of Uskayaw.
   113 | D        | Found a basalt altar of Yredelemnul.
   113 | D        | Found an opulent altar of Gozag.
   113 | D        | Found a snail-covered altar of Cheibriados.
   113 | D        | Found a sacrificial altar of Ru.
   113 | D        | Found a shadowy altar of Dithmenos.
   113 | D        | Noticed a yak
   114 | D        | Found a stormy altar of Qazlal.
   114 | D        | Found a blossoming altar of Fedhas.
   114 | D        | Found a bloodstained altar of Trog.
   114 | D        | Found an iron altar of Okawaru.
   114 | D        | Found a glowing golden altar of the Shining One.
   114 | D        | Found a glowing silver altar of Zin.
   114 | D        | Found a white marble altar of Elyvilon.
   115 | D        | Killed a yak
   116 | D        | Reached skill level 5 in Short Blades
   116 | D        | Reached skill level 19 in Stealth
   116 | D        | Found a sparkling altar of Nemelex Xobeh.
   122 | D        | Became a worshipper of Dithmenos the Shadowed
   137 | D        | Found a burning altar of Makhleb.
   137 | D        | Found a shimmering altar of Xom.
   137 | D        | Noticed a slime creature
   138 | D        | Found a viscous altar of Jiyva.
   138 | D        | Found a corrupted altar of Lugonu.
   145 | D        | Slain by a slime creature

Illustrated notes

Levels and vault maps discovered:
D:        dungeon_sprint_1 [red_sonja_temple_1, red_sonja_temple_small_1]

Skill      XL: |  1  2  3  4  5  6 |
---------------+-------------------+-----
Fighting       | 2 3 4 |  4.0
Stealth        | 9 13 17 19 | 19.4
Short Blades   | 3 4 5 |  5.1
Dodging        | 2 3 |  3.1
Evocations     | 1 2 |  2.2
Throwing       | |  2.5

Action                     |  1- 3 |  4- 6 || total
---------------------------+-------+-------++-------
  Melee: Dagger            |     2 |     5 ||     7
  Throw: Dart              |     4 |     4 ||     8
  Evoke: Wand              |       |     4 ||     4
   Stab: Sleeping          |     1 |     2 ||     3
 Armour: Robe              |       |     4 ||     4
  Dodge: Dodged            |     2 |     5 ||     7

Table legend: (Time is in decaauts)
 A = Elapsed time spent in this place.
 B = Non-inter-level travel time spent in this place.
 C = Inter-level travel time spent in this place.
 D = Time resting spent in this place.
 E = Time spent auto-exploring this place.
 F = Levels seen in this place.
 G = Mean time per level.
                   A        B        C        D        E       F      G
               +--------+--------+--------+--------+--------+-----+--------+
         Total |    108 |    108 |      0 |      0 |      0 |   1 |  108.0 |
       Dungeon |    108 |    108 |      0 |      0 |      0 |   1 |  108.0 |
               +--------+--------+--------+--------+--------+-----+--------+

Top non-repeatable levels by time:
       D: 108 daAuts
